 Dungeon Crawl Stone Soup version 0.14-a0-2001-g390038d (webtiles) character file.

283 Mitsuki the Covert (level 5, -1/25 HPs)
             Began as a Spriggan Assassin on Jan 18, 2014.
             Slain by a crimson imp
             ... wielding a +2,+0 dwarven mace
              (8 damage)
             ... on Level 3 of the Dungeon.
             The game lasted 00:15:46 (2896 turns).

Mitsuki the Covert (Spriggan Assassin)              Turns: 2896, Time: 00:15:47

HP  -1/25        AC  4     Str  8      XL: 5   Next: 26%
MP  10/10        EV 19     Int 13      God:
Gold 113         SH  0     Dex 17 (21) Spells:  0 memorised,  4 levels left

rFire  . . .     SeeInvis +     a - +3,+2 dagger
rCold  . . .     Clarity  .     c - +0 robe
rNeg   . . .     Conserve .     (shield restricted)
rPois  .         rCorr    .     (helmet restricted)
rElec  .         rRot     .     d - +1 cloak
SustAb . .       Spirit   .     (gloves unavailable)
rMut   .         Warding  .     (boots unavailable)
Saprov . . .     Stasis   .     (no amulet)
MR     .....                    (no ring)
                                y - +4 ring of dexterity

@: very quick, not resistant to hostile enchantments, very stealthy
A: unfitting armour, see invisible, herbivore 3, speed 3, slow metabolism 2
a: no special abilities


You were on level 3 of the Dungeon.
You were not hungry.

You visited 1 branch of the dungeon, and saw 3 of its levels.

You collected 113 gold pieces.

Inventory:

Hand weapons
 a - a +3,+2 dagger (weapon)
 b - a +0 blowgun
Missiles
 e - 19 poisoned needles
 f - 9 curare-tipped needles
 r - 4 needles of confusion
Armour
 c - a +0 robe (worn)
 d - a +1 cloak (worn)
Comestibles
 k - a bread ration
 m - a pear
 z - a choko
Scrolls
 h - a scroll of recharging
 j - a scroll of curse armour {unknown}
 l - a scroll of identify
 n - 2 scrolls of remove curse {unknown}
 o - 3 scrolls of blinking
 p - 2 scrolls of enchant weapon II {unknown}
 q - 2 scrolls of fog
 s - a scroll of teleportation
Jewellery
 w - an uncursed ring of protection from cold
 y - a +4 ring of dexterity (left hand)
Potions
 g - a potion of porridge
 t - a potion of curing
 C - a potion of might


   Skills:
 - Level 1.5 Fighting
 + Level 2.4 Short Blades
 - Level 2.3 Throwing
 + Level 3.5 Dodging
 + Level 9.1 Stealth


You had 4 spell levels left.
You didn't know any spells.

Dungeon Overview and Level Annotations

Branches:
Dungeon (3/16)

Altars:
Sif Muna


Innate Abilities, Weirdness & Mutations

You are tiny and cannot use many weapons and most armour.
You have supernaturally acute eyesight.
You are a herbivore.
You cover ground extremely quickly.
You need consume almost no food.


Message History

The crimson imp blinks!
You see here 4 poisoned needles.
The crimson imp closely misses you.
You see here a poisoned needle.
You hit the crimson imp.
The crimson imp is heavily wounded.
The crimson imp barely misses you.
You hit the crimson imp.
The crimson imp is heavily wounded.
You hit the crimson imp.
The crimson imp is severely wounded.
The crimson imp hits you with a dwarven mace.
* * * LOW HITPOINT WARNING * * *
You are too injured to fight recklessly!
You are too injured to fight recklessly!
You are too injured to fight recklessly!
You hit the crimson imp but do no damage.
The crimson imp is severely wounded.
The crimson imp hits you with a dwarven mace!
You die...

#.#..........#
###.#..........#
...............#
###.#..........#
#.######.#####
###.######.#
#########
...........#
#.((....#
###...######
#((5...(# #...#
#..@..((# #...#
#.....(.# #...#
#....(..####
#...#
#..((...)..#
#...#
#.......##.#
#...#
#.......##.#
#.[.#
##.#######.#
#...# #.# #.#
##.## #.# #)#


You could see a crimson imp.

Vanquished Creatures
  A quasit (D:3)
  Ijyb (D:3)
  3 adders
  2 worms
  2 giant geckos
  An ooze (D:2)
  7 orcs (D:3)
  A ball python (D:3)
  9 bats
  6 giant cockroaches
  6 goblins
  11 hobgoblins
  2 jackals (D:2)
  8 kobolds
  A quokka (D:3)
  A giant newt (D:2)
  3 rats
65 creatures vanquished.

Notes
Turn   | Place    | Note
--------------------------------------------------------------
     0 | D:1      | Mitsuki, the Spriggan Assassin, began the quest for the Orb.
     0 | D:1      | Reached XP level 1. HP: 10/10 MP: 2/2
    38 | D:1      | Reached skill level 6 in Stealth
   170 | D:1      | Reached XP level 2. HP: 14/14 MP: 4/4
   752 | D:2      | Reached skill level 7 in Stealth
  1000 | D:2      | Found a deep blue altar of Sif Muna.
  1112 | D:2      | Reached XP level 3. HP: 18/18 MP: 6/6
  1356 | D:2      | Reached skill level 8 in Stealth
  1958 | D:3      | Reached XP level 4. HP: 22/22 MP: 8/8
  2262 | D:3      | Noticed Ijyb
  2274 | D:3      | Killed Ijyb
  2481 | D:3      | Reached skill level 9 in Stealth
  2580 | D:3      | Reached XP level 5. HP: 19/25 MP: 10/10
  2896 | D:3      | Slain by a crimson imp

Action                   |  1- 3 |  4- 6 || total
-------------------------+-------+-------++-------
Melee: Dagger            |   126 |   111 ||   237
 Fire: Blowgun           |    34 |    52 ||    86
  Use: Potion            |     2 |     5 ||     7
       Scroll            |       |    11 ||    11
 Stab: Sleeping          |    17 |     6 ||    23
       Distracted        |     1 |     1 ||     2
